 Dungeon Crawl Stone Soup version 0.27.0-1-g7a089689b8 (webtiles) character file.

Game seed: 12057404400412049546

67 Descartes the Sneak (level 3, 0/20 HPs)
             Began as a Deep Elf Wanderer on Aug 7, 2021.
             Slain by a worm (9 damage)
             ... on level 2 of the Dungeon.
             The game lasted 00:04:18 (2732 turns).

Descartes the Sneak (Deep Elf Wanderer)             Turns: 2732, Time: 00:04:19

Health: 0/20       AC:  3    Str:  8    XL:     3   Next: 98%
Magic:  7/7        EV: 10    Int: 19    God:
Gold:   93         SH:  0    Dex: 13    Spells: 4/5 levels left

rFire    . . .     SeeInvis .   a - +2 falchion
rCold    . . .     Faith    .   (no shield)
rNeg     . . .     Spirit   .   h - +0 leather armour
rPois    .         Reflect  .   (no helmet)
rElec    .         Harm     .   (no cloak)
rCorr    .         Rampage  .   (no gloves)
Will     .....                  (no boots)
Stlth    ++........             (no amulet)
HPRegen  0.06/turn              (no ring)
MPRegen  0.10/turn              (no ring)

@: no status effects
A: no striking features
a: no special abilities


You were on level 2 of the Dungeon.
You visited 1 branch of the dungeon, and saw 2 of its levels.

You collected 93 gold pieces.

Inventory:

Hand Weapons
 a - a +2 falchion (weapon)
Missiles
 d - 10 poisoned darts
 e - 20 arrows
 i - 31 stones
 k - 17 bolts
Armour
 h - a +0 leather armour (worn)
Jewellery
 g - a ring of fire
Scrolls
 c - a scroll of blinking {unknown}
 f - a scroll of fear {unknown}
Potions
 j - a potion of brilliance {unknown}
 l - a potion of berserk rage {unknown}


   Skills:
 - Level 1.0 Fighting
 - Level 1.7 Long Blades
 + Level 3.9 Stealth
 - Level 1.5 Spellcasting
 + Level 3.5 Translocations
 - Level 2.1 Ice Magic
 - Level 1.1 Evocations


You had 4 spell levels left.
You knew the following spells:

 Your Spells              Type           Power      Damage    Failure   Level
a - Apportation           Tloc           28%        N/A       6%          1

Your spell library contained the following spells:

 Spells                   Type           Power      Damage    Failure   Level
 Gell's Gravitas          Tloc           7%         N/A       19%         3
 Beastly Appendage        Tmut           2%         N/A       26%         1
 Wereblood                Tmut           1%         N/A       36%         2
 Spider Form              Tmut/Pois      0%         N/A       61%         3


Dungeon Overview and Level Annotations

Branches:
Dungeon (2/15)

Altars:


Message History

The adder bites you but does no damage.
There is a stone staircase leading up here.
The adder bites you.
* * * LOW HITPOINT WARNING * * *
You climb upwards.
There is a stone staircase leading down here.
You barely miss the adder. The adder bites you.
* * * LOW HITPOINT WARNING * * *
The adder bites you but does no damage.
You closely miss the adder. The adder bites you but does no damage.
The adder barely misses you.
You hit the adder.
The adder is heavily wounded.
The adder bites you.
* * * LOW HITPOINT WARNING * * *
You are lethally poisoned!
The adder poisons you!
You closely miss the adder.
The adder is heavily wounded.
* * * LOW HITPOINT WARNING * * *
You feel sick. The adder barely misses you.
The adder bites you but does no damage.
Unknown command.
You feel better. The adder closely misses you.
You hit the adder.
You kill the adder!
HP restored.
Done exploring.
You climb downwards.
The worm bites you!
There is a stone staircase leading up here.
You hit the worm.
The worm is moderately wounded.
The worm bites you.
You are too injured to fight recklessly!
You hit the worm.
The worm is heavily wounded.
You barely miss the worm.
The worm is heavily wounded.
The worm bites you!
You die...

#....######.#.#.######....
#........##.#.#.# #...#
##........##.#.#.# ##..#
#...#.....#..#.#.# #..#
#######...'........#.#.#
#..#
..........#.......##.#.#
#..#
........###.......##.#.#
##.# ........#
#.....w.##.#.# #..
........# #.....@....#.#
#.. #######.#
#.....######.# #.. #.#
####### #.# #.. #w#
#.########.# #.#
#........#.#
#.############
#.#####.##.#
#.#...........
#######.##.#
#.............
............
###...!.......
#######.##.#


You could see a worm.

Vanquished Creatures
  An adder (D:1)
  4 dart slugs
  4 endoplasms
  3 giant cockroaches
  4 goblins
  5 hobgoblins
  8 jackals
  A kobold (D:1)
  2 quokkas
  3 ball pythons (D:1)
  2 bats (D:1)
  2 frilled lizards
  5 rats
44 creatures vanquished.

Notes
Turn   | Place    | Note
-------+----------+-------------------------------------------
     0 | D:1      | Descartes the Deep Elf Wanderer began the quest for the
                  | Orb.
     0 | D:1      | Descartes set off with the following items: a +2 falchion,
                  | a potion of curing, a +0 robe; and the following spell
                  | memorised: Apportation; and the following spells available
                  | to memorise: Gell's Gravitas
     0 | D:1      | Reached XP level 1. HP: 12/12 MP: 5/5
   183 | D:1      | Reached XP level 2. HP: 12/16 MP: 6/6
   878 | D:1      | Reached XP level 3. HP: 15/20 MP: 7/7
  2598 | D:1      | HP: 1/20 [poisoned by an adder]
  2732 | D:2      | Slain by a worm

Illustrated notes

Levels and vault maps discovered:
D:1:      minmay_arrival_glassed_features, layout_loops_ring, fountainhead
D:2:      layout_basic

Skill      XL: |  1  2 |
---------------+-------+-----
Stealth        | 2 3 |  3.9
Translocations | 3 |  3.5
Fighting       | |  1.0
Long Blades    | |  1.7
Spellcasting   | |  1.5
Ice Magic      | |  2.1
Evocations     | |  1.1

Action                   || total
-------------------------++-------
Melee: Falchion          ||   133
 Cast: Apportation       ||     1
  Use: Potion            ||     1
 Stab: Sleeping          ||     5
Armor: Robe              ||    17
       Leather armour    ||    19
Dodge: Dodged            ||    76
       Rpst.: Falchion   ||    24
